AoeStats
← Hanson

Black Forest

509869971Analyzed
3v3 RM · 3d ago on Sep 28, 2026· 102m 31s· 6 players
Game mode
Random Map
Map size
Normal (6 player)
Population
200
Speed
Normal
Resources
Standard
Victory
Conquest
Starting age
Dark Age
Ending age
Imperial Age
RankedLock teamsTeams togetherTeam positionsShared explorationLock speedFull tech treeHidden civsTurbo modeCheats
Victory
Defeat
🇹🇷 Persians · Türkiye
947
+13
🇭🇰 Spanish · Hong Kong SAR China
840
+17
🇹🇷 Mongols · Türkiye
826
+18
🇭🇺 Spanish · Hungary
884
-17
869
-16
🇫🇷 Malay · France
845
-15
SoltiL
13:17 Feudal Age
18:05 Castle Age
17:30 Horse Collar
18:33 Double-Bit Axe
24:02 Bow Saw
27:10 Gold Mining
27:10 Stone Mining
27:23 Heavy Plow
27:29 Fletching
29:15 Wheelbarrow
28:27 Loom
28:28 Town Watch
28:16 Man-at-Arms
32:38 Stone Shaft Mining
32:01 Long Swordsman
32:31 Gambesons
32:32 Arson
32:49 Bodkin Arrow
32:54 Padded Archer Armor
33:48 Squires
35:00 Hand Cart
38:40 Imperial Age
36:38 Town Patrol
37:46 Caravan
40:02 Conscription
39:03 Elite Conquistador
39:09 Capped Ram
40:02 Bracer
40:17 Leather Archer Armor
42:33 Chemistry
43:02 Two-Handed Swordsman
45:28 Ring Archer Armor
44:59 Scale Mail Armor
45:09 Forging
47:45 Champion
47:46 Pikeman
52:13 Two-Man Saw
54:55 Iron Casting
54:36 Chain Mail Armor
56:23 Halberdier
70:49 Ballistics
80:41 Blast Furnace
80:28 Plate Mail Armor
95:32 Bloodlines
95:23 Husbandry
Chalumnor
4:56 Loom
14:23 Feudal Age
14:04 Horse Collar
14:13 Double-Bit Axe
19:34 Wheelbarrow
22:14 Castle Age
21:06 Gold Mining
21:10 Stone Mining
30:33 Imperial Age
27:49 Town Watch
28:39 Hand Cart
29:36 Bow Saw
30:36 Capped Ram
31:29 Arson
31:45 Squires
33:14 Conscription
32:50 Fletching
33:11 Forging
33:02 Padded Archer Armor
33:29 Caravan
34:23 Stone Shaft Mining
34:28 Gold Shaft Mining
35:36 Chemistry
34:34 Murder Holes
36:08 Iron Casting
35:29 Bodkin Arrow
38:02 Thumb Ring
37:17 Elite Skirmisher
37:25 Elite Karambit Warrior
38:05 Thalassocracy
39:29 Blast Furnace
39:48 Bracer
40:04 Leather Archer Armor
41:42 Treadmill Crane
42:23 Ballistics
42:14 Masonry
42:10 Siege Engineers
44:58 Forced Levy
45:52 Guilds
46:27 Ring Archer Armor
48:02 Scale Barding Armor
50:20 Heavy Plow
52:22 Pikeman
56:14 Halberdier
86:12 Man-at-Arms
89:03 Crossbowman
89:07 Long Swordsman
89:33 Arbalester
89:39 Two-Handed Swordsman
94:22 Heavy Scorpion
少打游戏多学习
1:36 Loom
14:05 Feudal Age
14:40 Fishing Lines
14:49 Double-Bit Axe
15:39 Horse Collar
18:54 Castle Age
17:11 Scale Mail Armor
19:45 Bow Saw
22:51 Heavy Plow
23:29 Fervor
23:49 Padded Archer Armor
25:00 Chemistry
25:05 Squires
26:21 Wheelbarrow
26:49 Ballistics
26:22 Town Watch
31:06 Imperial Age
29:19 Padded Archer Armor
29:59 Hand Cart
30:15 Masonry
30:36 Leather Archer Armor
30:45 Pikeman
31:38 Caravan
33:48 Two-Man Saw
34:26 Town Patrol
35:11 Houfnice
35:14 Elite Hussite Wagon
36:57 Ring Archer Armor
36:40 Forging
38:39 Siege Engineers
38:59 Bombard Tower
38:05 Halberdier
42:06 Wagenburg Tactics
42:50 Iron Casting
42:31 Chain Mail Armor
43:36 Conscription
55:47 Coinage
55:27 Guilds
58:48 Blast Furnace
58:21 Plate Mail Armor
57:41 Fletching
60:31 Architecture
59:56 Murder Holes
59:48 Arrowslits
59:54 Guard Tower
60:12 Scale Barding Armor
60:23 Hussite Reforms
72:59 Elite Skirmisher
83:23 Light Cavalry
84:04 Husbandry
83:25 Cavalier
Dirty Harry
0:28 Loom
13:45 Feudal Age
20:23 Castle Age
18:25 Double-Bit Axe
18:46 Gold Mining
23:20 Horse Collar
28:25 Ballistics
28:49 Heavy Plow
30:59 Padded Archer Armor
30:51 Fletching
37:34 Imperial Age
35:40 Wheelbarrow
35:27 Fortified Wall
35:38 Stone Mining
35:57 Squires
37:06 Elite Skirmisher
38:29 Thumb Ring
41:13 Chemistry
40:10 Murder Holes
45:20 Medium Warships
45:47 Elite Mangudai
49:47 Elite Steppe Lancer
50:41 Nomads
52:50 Drill
52:31 Nomads
53:27 Crossbowman
56:33 Leather Archer Armor
56:13 Bodkin Arrow
58:56 Hand Cart
58:26 Town Watch
58:57 Bloodlines
60:23 Conscription
72:28 Bloodlines
73:38 Husbandry
92:18 Scale Barding Armor
92:15 Scale Mail Armor
92:38 Capped Ram
95:03 Heavy Camel Rider
96:28 Siege Ram
96:30 Onager
97:35 Caravan
101:32 Crossbowman
102:38 Parthian Tactics
101:33 Heavy Cavalry Archer
Hanson
0:55 Loom
11:03 Feudal Age
17:25 Castle Age
15:37 Double-Bit Axe
18:57 Fishing Lines
24:23 Gillnets
26:16 Wheelbarrow
26:29 Horse Collar
27:50 Town Watch
28:07 Caravan
28:20 Bloodlines
28:44 Bow Saw
29:34 Heavy Plow
29:59 Fortified Wall
30:10 Gold Mining
32:26 Forging
34:12 Hand Cart
37:36 Imperial Age
37:04 Scale Barding Armor
38:04 Husbandry
39:39 Two-Man Saw
39:33 Iron Casting
39:27 Conscription
40:03 Chain Barding Armor
39:08 Cavalier
41:55 Blast Furnace
42:17 Plate Barding Armor
43:34 Elite Conquistador
46:34 Chemistry
45:43 Paladin
47:18 Fletching
48:00 Masonry
48:10 Ballistics
74:49 Hoardings
79:46 Town Patrol
85:43 Light Cavalry
Morias1stt
6:57 Loom
11:42 Feudal Age
18:23 Castle Age
16:22 Stone Mining
16:21 Double-Bit Axe
16:26 Horse Collar
17:11 Gold Mining
18:33 Forging
18:28 Scale Barding Armor
24:56 Wheelbarrow
25:41 Fishing Lines
30:17 Imperial Age
27:33 Town Watch
28:54 Bow Saw
29:14 Chain Barding Armor
29:30 Iron Casting
29:00 Kamandaran
30:02 Hand Cart
29:28 Crossbowman
31:33 Chemistry
30:55 Ballistics
30:31 Murder Holes
31:19 Padded Archer Armor
31:10 Fletching
31:48 Conscription
31:39 Gillnets
32:20 Bloodlines
32:21 Thumb Ring
33:40 Two-Man Saw
32:47 Heavy Plow
33:32 Elite War Elephant
34:38 Caravan
35:03 Light Cavalry
35:46 Husbandry
37:25 Plate Barding Armor
37:52 Blast Furnace
37:08 Leather Archer Armor
36:49 Bodkin Arrow
37:39 Hussar
56:16 Ring Archer Armor
59:16 Crop Rotation
60:00 Elite Skirmisher
Connection lost

Rejoining the realm…

Still unreachable

The connection could not be restored.

Session expired

The server has moved on; the page needs a fresh start.